Map: The Vermillion Problem

Players

Zzaietz

  • Race: Terran Terran

NamroodTuo

  • Race: Zerg Zerg

VOD

Have the link to the VOD?

Description

Time

  • Played on: Dec. 29, 2022, 11:20 a.m.
  • Length: 30:15
Show
View Real Time Build Order
Export as new Build Order

Zzaietz Terran 

Build Orders:  

Get SALT Encoding   

  12  0:06  SCV  
  13  0:23  SCV  
  14  0:33  Refinery  
  14  0:44  Refinery  
  14  1:01  SCV  
  15  1:18  SCV  
  16  1:35  SCV  
  17  1:52  SCV  
  18  2:09  SCV  
  19  2:58  Gunslingers Hideout  
  19  3:01  Tychus  
  19  4:01  Engineering Bay  
  19  4:05  Crooked Sam  
  29  4:56  Outlaw Weapons Level 1  
  29  5:10  Kel-Morian Ripper Rounds  
  29  5:13  Auto-Turret  
  29  6:29  Auto-Turret  
  29  6:56  Outlaw Life and Armor Level 1  
  29  6:58  Auto-Turret  
  29  7:03  SCV  
  30  7:20  SCV  
  31  7:37  SCV  
  32  7:54  SCV  
  33  8:06  James Sirius Sykes  
  43  8:11  SCV  
  44  8:21  Auto-Turret  
  44  9:30  Outlaw Weapons Level 2  
  44  9:37  SCV  
  45  9:52  Medivac Platform  
  45  9:54  SCV  
  46  10:11  SCV  
  47  10:28  SCV  
  48  10:32  Auto-Turret  
  48  11:11  Auto-Turret  
  48  11:50  Outlaw Life and Armor Level 2  
  48  12:29  Muscle Armory  
  48  12:30  KD9a Implosion Core  
  48  12:31  Vanadium Shell  
  48  13:38  Fixers Safehouse  
  48  14:10  ITC-E Triggers  
  48  14:11  Procyon Shade Suit  
  48  15:17  Lt Layna Nikara  
  58  15:40  Endurance Supplements  
  58  17:10  Outlaw Weapons Level 3  
  56  21:26  Moebius Restraint Matrix  
  56  21:27  LarsCorp G7 Charges  
  56  21:28  D99 Detonator  
  56  21:29  Moebius M34 Terror Rounds  
  56  21:30  SA-55 Thunderbolt Missiles  
  56  21:35  Outlaw Life and Armor Level 3  
  54  23:06  SCV  
  55  23:23  SCV  
  56  23:40  SCV  
  57  23:57  SCV  
  58  24:14  SCV  
  59  26:08  Kev Rattlesnake West  
  69  26:53  Procyon Twin Heal Beam Gauntlet  
  69  26:54  Procyon Serum  
Show
View Real Time Build Order
Export as new Build Order

NamroodTuo Zerg 

Build Orders:  

Get SALT Encoding   

  12  0:05  Infested SCV  
  13  0:22  Overlord  
  13  0:27  Infested SCV  
  14  0:33  Infested SCV  
  15  1:00  Infested Barracks  
  15  1:16  Infested SCV  
  15  1:19  Infested SCV x2  
  18  1:22  Overlord  
  18  1:38  Infested SCV  
  19  1:45  Infested Refinery  
  19  1:48  Infested Refinery  
  19  1:53  Infested SCV  
  20  2:03  Infested Marine  
  21  2:20  Infested SCV  
  21  2:23  Infested Engineering Bay  
  21  2:24  Infestation Level 1  
  22  2:32  Infested Marine x2  
  22  2:33  Infested Marine x2  
  26  3:17  Infested Marine  
  26  3:18  Infested Marine x4  
  26  3:19  Infested Marine  
  27  3:57  Infested Barracks Tech Lab  
  27  3:58  Infested SCV x4  
  31  4:03  Overlord  
  25  5:03  Infested SCV  
  25  5:04  Infested SCV x3  
  25  5:08  Infestation Level 2  
  29  5:22  Infested Factory  
  29  5:26  Infested Barracks  
  29  6:21  Regenerative Plating  
  29  6:32  Infested Barracks  
  29  6:38  Infested Marine x4  
  29  6:39  Infested Marine x2  
  35  6:41  Infested Marine x2  
  35  6:45  Overlord x5  
  29  7:08  Broodling Gestation  
  29  7:19  Infested Marine  
  30  7:20  Infested Marine x19  
  30  7:21  Stukov Infantry Weapons Level 1  
  47  8:33  Infested Marine  
  47  8:34  Infested Marine x15  
  47  8:36  Infested Marine  
  47  8:37  Infested Marine x8  
  47  8:38  Anaerobic Enhancement  
  47  8:39  Overlord  
  68  8:40  Overlord x4  
  68  8:44  Infested Marine  
  68  8:45  Infested Marine x3  
  57  10:01  Stukov Infantry Armor Level 1  
  57  10:04  Overlord x2  
  57  10:05  Overlord x3  
  32  10:26  Infested Armory  
  32  10:28  Infested Factory Tech Lab  
  29  11:02  Unknown  
  29  11:21  Overseer  
  29  11:26  Overseer x2  
  29  11:27  Overseer x4  
  29  11:28  Overseer x4  
  29  11:48  Infested Marine  
  29  11:49  Infested Marine x18  
  48  11:50  Infested Marine x5  
  48  11:59  Infested SCV x3  
  56  12:00  Infested SCV x2  
  58  12:41  Stukov Infantry Weapons Level 2  
  58  13:19  Infested Command Center  
  34  13:31  Infestation Level 3  
  34  14:05  Infested SCV x2  
  34  14:06  Infested SCV x3  
  39  14:16  Infested Bunker  
  43  14:23  Infested Bunker  
  47  14:32  Infested SCV  
  48  15:16  Infested Marine  
  48  15:17  Infested Marine x21  
  48  15:18  Infested Marine x16  
  86  15:23  Infested Missile Turret  
  86  15:30  Infested SCV x3  
  86  15:31  Infested SCV  
  90  15:44  Infested Marine  
  90  15:45  Infested Marine x7  
  98  15:51  Calcified Armor  
  98  15:59  Infested Refinery  
  98  16:01  Infested Refinery  
  98  16:12  Infested Missile Turret  
  98  16:28  Infested SCV  
  98  16:29  Infested SCV x3  
  102  16:42  Infested SCV  
  103  16:51  Stukov Infantry Armor Level 2  
  65  17:06  Plagued Munitions  
  57  18:15  Infested SCV x5  
  62  18:36  Infested Bunker, Retinal Augmentation  
  54  19:00  Infested Marine  
  54  19:01  Infested Marine x14  
  54  19:02  Infested Marine x24  
  54  19:03  Infested Marine x3  
  96  19:20  Infested Marine x4  
  96  19:21  Infested Marine x17  
  117  19:39  Infested SCV x5  
  122  20:01  Stukov Infantry Weapons Level 3  
  57  21:58  Aggressive Incubation  
  57  22:08  Infested SCV  
  57  22:09  Infested SCV x4  
  62  22:14  Overlord  
  62  22:15  Overlord x4  
  62  22:57  Infested Marine  
  62  22:58  Infested Marine x14  
  62  22:59  Infested Marine x24  
  100  23:00  Infested Marine x11  
  111  23:19  Infested Missile Turret x2  
  111  23:21  Infested SCV x4  
  114  23:41  Stukov Infantry Armor Level 3  
  69  25:01  Infested Bunker  
  69  25:02  Infested Missile Turret  
  68  25:13  Infested Bunker x2  
  68  25:17  Infested Bunker  
  80  25:23  Infested Missile Turret  
  80  25:24  Infested Missile Turret  
  80  25:30  Infested Missile Turret  
  80  25:33  Infested Bunker  
  80  25:36  Infested SCV  
  85  25:47  Infested SCV x3  
  88  25:51  Infested SCV  
  86  26:03  Infested Missile Turret  
  86  26:25  Infested Missile Turret  
  90  27:01  Infested Bunker  
  90  27:06  Infested Bunker  
  94  27:15  Infested Missile Turret  
  94  27:22  Infested Missile Turret  
  94  27:23  Infested Marine  
  94  27:24  Infested Marine x19  
  94  27:25  Infested Marine x5  
  93  28:49  Infested Marine x6  
  99  28:50  Infested Marine x25  
  99  28:51  Infested Marine x24  
  99  28:52  Infested Marine x2  
  150  29:47  Infested Marine  
  150  29:48  Infested Marine x18  
Tags
 
Add a new tag
Caveats
  • Supply blocks, unpowered buildings, or Contaminate may cause inaccurate times.
  • Supply counts are checked every 10 seconds.